AoeStats
← violetsage

Nomad

509290929Analyzed
3v3 RM · 7d ago on Sep 26, 2026· 43m 44s· 6 players
Game mode
Random Map
Map size
210×210
Population
200
Speed
Normal
Resources
Standard
Victory
Conquest
Starting age
Dark Age
Ending age
Imperial Age
RankedLock teamsTeams togetherTeam positionsShared explorationLock speedFull tech treeHidden civsTurbo modeCheats
Victory
Defeat
🇦🇺 Danes · Australia
1283
+8
🇦🇺 Tatars · Australia
1242
+9
🇰🇷 Cumans · South Korea
1139
+12
🇺🇸 Saxons · United States
1090
-10
🇺🇸 Celts · United States
1081
-10
🇺🇸 Varangians · United States
1069
-9
SHK
3:21 Loom
13:41 Feudal Age
20:18 Castle Age
19:55 Horse Collar
20:18 Double-Bit Axe
21:30 Bow Saw
25:47 Heavy Plow
26:04 Bloodlines
31:25 Wheelbarrow
41:45 Forging
41:41 Scale Barding Armor
violetsage
4:28 Loom
13:27 Feudal Age
17:44 Castle Age
15:58 Double-Bit Axe
16:48 Fishing Lines
18:34 Bow Saw
19:04 Gillnets
22:33 Fervor
22:24 Horse Collar
23:13 Heavy Plow
24:02 Pikeman
25:55 Wheelbarrow
29:09 Bloodlines
29:36 Fletching
29:47 Padded Archer Armor
30:28 Gold Mining
30:29 Stone Mining
31:24 Ballistics
31:14 Masonry
30:45 Treadmill Crane
31:12 Bodkin Arrow
34:34 Imperial Age
32:24 Hand Cart
32:56 Leather Archer Armor
32:56 Silk Armor
33:44 Squires
34:42 Gold Shaft Mining
33:38 Light Cavalry
34:19 Husbandry
34:48 Scale Barding Armor
34:53 Forging
35:26 Bracer
35:58 Ring Archer Armor
35:51 Chain Barding Armor
35:03 Crossbowman
35:08 Hussar
36:52 Conscription
37:40 Heavy Cavalry Archer
39:49 Plate Barding Armor
39:24 Forging
40:27 Timurid Siegecraft
39:38 Elite Keshik
42:06 Chemistry
43:38 Iron Casting
JSJE
4:00 Loom
7:47 Loom
12:49 Feudal Age
13:26 Double-Bit Axe
13:33 Town Watch
18:57 Castle Age
20:02 Bow Saw
20:05 Medium Warships
20:04 Horse Collar
20:28 Fletching
21:43 Bodkin Arrow
22:23 Gold Mining
25:47 Heavy Plow
29:18 Wheelbarrow
28:44 Town Patrol
28:57 Town Patrol
29:44 Gold Shaft Mining
29:00 Stone Mining
31:02 Hamask
33:00 Scale Mail Armor
33:11 Forging
33:05 Arson
35:01 Chain Mail Armor
35:22 Iron Casting
38:40 Imperial Age
36:55 Squires
38:56 Elite Varangian Guard
40:08 Plate Mail Armor
40:51 Blast Furnace
40:25 Capped Ram
40:42 Northmen's Fury
41:43 Conscription
41:53 Fishing Lines
41:35 Elite Longship
43:27 Bracer
42:52 Siege Ram
45:17 Chemistry
44:37 Ballistics
LetMeCook
4:41 Loom
13:09 Feudal Age
14:09 Double-Bit Axe
14:10 Fishing Lines
20:39 Castle Age
20:20 Scale Mail Armor
20:31 Forging
21:40 Medium Warships
23:28 Chain Mail Armor
23:48 Iron Casting
25:25 Wheelbarrow
24:36 Town Watch
24:33 Horse Collar
30:12 Hand Cart
30:56 Fletching
37:44 Imperial Age
38:02 Elite Woad Raider
pktully
4:04 Loom
15:41 Feudal Age
17:33 Bloodlines
17:21 Double-Bit Axe
20:54 Forging
24:18 Horse Collar
28:41 Castle Age
27:32 Scale Barding Armor
29:15 Light Cavalry
30:54 Chain Barding Armor
31:13 Husbandry
32:10 Wheelbarrow
38:43 Bow Saw
43:08 Heavy Plow
BlackWaaltz
6:31 Loom
6:39 Loom
14:42 Feudal Age
13:16 Loom
16:39 Man-at-Arms
18:10 Double-Bit Axe
19:58 Horse Collar
20:11 Arson
25:03 Castle Age
24:20 Fletching
25:53 Bodkin Arrow
26:51 Padded Archer Armor
27:16 Heavy Plow
34:48 Ballistics
38:34 Imperial Age
36:50 Thumb Ring
39:16 Leather Archer Armor
40:32 Bracer
42:45 Elite Varangian Guard
43:26 Scale Mail Armor
43:36 Forging
Connection lost

Rejoining the realm…

Still unreachable

The connection could not be restored.

Session expired

The server has moved on; the page needs a fresh start.